 Dungeon Crawl Stone Soup version 0.16.1-18-g436b03c (webtiles) character file.

5167 ryw the Fighter (level 10, -10/86 (90) HPs)
             Began as a Demigod Fighter on Apr 26, 2015.
             Mangled by a ghoul (11 damage)
             ... on level 1 of the Abyss on Apr 27, 2015.
             The game lasted 00:32:47 (9800 turns).

ryw the Fighter (Demigod Fighter)                   Turns: 9800, Time: 00:32:48

HP:   -10/86 (90)   AC: 20    Str: 29    XL:     10   Next: 12%
MP:   0/26          EV:  6    Int: 19    God:
Gold: 394           SH: 13    Dex: 21    Spells: 0 memorised, 9 levels left

rFire  . . .     SeeInvis +     Z - +9 hammer of Smop {freeze, MR- Str+4 Int+7}
rCold  . . .     Clarity  .     g - +0 plate armour
rNeg   . . .     SustAb   +     c - +0 shield
rPois  .         Gourm    .     y - +1 helmet
rElec  +         Spirit   +     B - +2 cloak
rCorr  .         Warding  .     L - +0 pair of gloves
rMut   .         Stasis   .     (no boots)
MR     +....                    I - amulet of guardian spirit
Stlth  ..........               e - ring of magical power
                                G - ring "Zooxku" {rElec MR+ Dex+6 SInv}

@: non-regenerating, rotting, diseased, somewhat resistant to hostile
enchantments, extremely unstealthy
A: sustain abilities
a: no special abilities


You were on level 1 of the Abyss.
You were not hungry.

You visited 1 branch of the dungeon, and saw 8 of its levels.
You visited the Abyss 1 time.

You collected 394 gold pieces.

Inventory:

Hand weapons
 i - a +0 dagger of venom
 n - a +0 dagger of draining
 q - a +0 hunting sling
 w - a cursed -3 hunting sling
 x - a +2 club
 z - a +3 quarterstaff of chaos
 E - a cursed +2 great sword
 R - a +0 long sword
 Z - the +9 hammer of Smop (weapon) {freeze, MR- Str+4 Int+7}
   (You found it on level 7 of the Dungeon)

   It has been specially enchanted to freeze those struck by it, causing extra
   injury to most foes and up to half again as much damage against particularly
   susceptible opponents.
   It can also slow down cold-blooded creatures.
   It affects your strength (+4).
   It affects your intelligence (+7).
   It affects your resistance to hostile enchantments.
Missiles
 f - 24 sling bullets
 m - 32 stones
 C - 8 tomahawks (quivered)
Armour
 c - a +0 shield (worn)
 g - a +0 plate armour (worn)
 y - a +1 helmet (worn)
 B - a +2 cloak (worn)
 L - a +0 pair of gloves (worn)
Jewellery
 e - a ring of magical power (right hand)
 h - an uncursed ring of protection from cold
 F - an uncursed ring of flight
 G - the ring "Zooxku" (left hand) {rElec MR+ Dex+6 SInv}
   (You found it on level 5 of the Dungeon)

   [ring of protection from magic]

   It affects your dexterity (+6).
   It insulates you from electricity.
   It affects your resistance to hostile enchantments.
   It enhances your eyesight.
 I - an amulet of guardian spirit (around neck)
 Q - an uncursed amulet of clarity {unknown}
 T - an uncursed amulet of regeneration {unknown}
Magical devices
 u - a wand of heal wounds (4)
 v - a wand of digging (13)
 S - a wand of slowing (21)
 W - a wand of confusion (38)
Scrolls
 b - a scroll of blinking
 A - 2 scrolls of enchant weapon {unknown}
 D - a scroll of fog
 K - 3 scrolls of remove curse
 M - a scroll of summoning {unknown}
 N - a scroll of noise {unknown}
 P - 2 scrolls of identify
 Y - a scroll of amnesia {unknown}
Potions
 a - a potion of restore abilities {unknown}
 j - 7 potions of curing
 l - 2 potions of agility {unknown}
 p - a potion of resistance {unknown}
 r - a potion of haste
 t - a potion of lignification {unknown}
 J - a potion of magic {unknown}
 O - a potion of ambrosia {unknown}
 U - a potion of cure mutation {unknown}
 V - 3 potions of might
Books
 X - the Catalogue of Orientation
   (You found it on level 7 of the Dungeon)

   Spells                             Type                      Level
   a - Apportation                    Translocation                1
   b - Teleport Other                 Translocation                3
   c - Force Lance                    Conjuration/Translocation    4
Comestibles
 d - 4 bread rations
 k - 3 meat rations
 o - 3 beef jerkies


   Skills:
 * Level 8.7 Fighting
 - Level 6.6 Long Blades
 + Level 1.0 Maces & Flails
 + Level 6.9 Armour
 - Level 0.5 Dodging
 + Level 7.4 Shields


You had 9 spell levels left.
You didn't know any spells.

Dungeon Overview and Level Annotations

Branches:
Dungeon (8/15)             Temple (0/1) D:6            Lair (0/8) D:8

Shops:
D:4 %   D:5 *[   D:7 %

Annotations:
D:8 Erolcha


Innate Abilities, Weirdness & Mutations

Your attributes are resistant to harm.


Message History

You block the large abomination's attack.
The ghoul hits you!!
* * * LOW HITPOINT WARNING * * *
The ghoul claws you.
* * * LOW HITPOINT WARNING * * *
Read which item? (? for menu, Esc to quit)
Okay, then.
Drink which item? (? for menu, Esc to quit)
You feel much better. The ghoul hits you!!
* * * LOW HITPOINT WARNING * * *
The ghoul claws you.
* * * LOW HITPOINT WARNING * * *
The large abomination hits you but does no damage.
The ghoul hits you.
* * * LOW HITPOINT WARNING * * *
The ghoul claws you.
* * * LOW HITPOINT WARNING * * *
Unknown command.
The ghoul hits you!
You die...

# .. ..... #
#..## . .. ###. .
..... .....# #.
.. . .### .######
#.% .. ........#
#...## :)..#
#..### #
.###.x#.##}#$## .
. .....
##.#n.#..$[≈# .
.## ###.
.##..@.XX.# #....
......#####n#.###
# ... #.#
...###.)....# ..
# # .. ...#..#.#
### #.....##.#..#
#....#.# . .#
.##....# ## # #.
###... # #.#..


You could see 2 ghouls, an ancient zyme and 2 large abominations.

Vanquished Creatures
  The ghost of meatme the Skirmisher, an experienced DsBe of Trog (D:6)
  A komodo dragon (D:8)
  Grinder (D:3)
  5 yaks
  The ghost of frankwang the Conjurer, an average GrWz of Vehumet (D:3)
  A water moccasin (D:7)
  A necrophage (D:7)
  3 sky beasts
  2 orc warriors
  5 ogres
  4 centaurs
  A gnoll sergeant (D:7)
  A giant frog (D:7)
  3 scorpions
  8 wights
  5 crimson imps
  A giant frog zombie (D:7)
  2 goliath beetles
  5 hounds
  A jelly (D:8)
  Crazy Yiuf (D:7)
  A giant frog skeleton (D:7)
  A gnoll shaman (D:5)
  8 orc wizards
  4 orc priests
  8 worker ants
  2 centaur skeletons
  3 iguanas
  A hound zombie (D:5)
  A mummy (D:8)
  Robin (D:2)
  10 adders
  2 worker ant zombies
  9 gnolls
  4 shadow imps
  3 worms
  A giant mite (D:8)
  An adder skeleton (D:8)
  7 giant geckos
  7 oozes
  32 orcs
  18 bats
  A bat skeleton (D:7)
  A bat zombie (D:7)
  23 goblins
  16 hobgoblins
  4 jackals (D:1)
  14 kobolds
  5 quokkas
  A ball python (D:3)
  5 giant cockroaches
  A giant gecko skeleton (D:5)
  A giant gecko zombie (D:5)
  4 giant newts
  An orc zombie (D:6)
  2 quokka skeletons
  A quokka zombie (D:8)
  13 rats
270 creatures vanquished.

Vanquished Creatures (others)
  A hobgoblin (D:5)
  2 plants (D:8)
3 creatures vanquished.

Grand Total: 273 creatures vanquished

Notes
Turn   | Place    | Note
--------------------------------------------------------------
     0 | D:1      | ryw, the Demigod Fighter, began the quest for the Orb.
     0 | D:1      | Reached XP level 1. HP: 18/18 MP: 2/2
     1 | D:1      | Found a runed door.
   179 | D:1      | Found a glowing golden altar of the Shining One.
   202 | D:1      | Reached skill level 3 in Fighting
   251 | D:1      | Reached XP level 2. HP: 23/26 MP: 3/3
   838 | D:2      | Reached XP level 3. HP: 25/31 MP: 5/5
  1422 | D:2      | Noticed Robin
  1579 | D:2      | Reached XP level 4. HP: 25/38 MP: 7/7
  1802 | D:2      | Found a burning altar of Makhleb.
  1864 | D:3      | Noticed frankwang's ghost (average GrWz)
  2123 | D:2      | Killed Robin
  2162 | D:3      | Noticed Grinder
  2295 | D:2      | Reached XP level 5. HP: 24/46 MP: 8/8
  3000 | D:4      | Reached skill level 4 in Shields
  3382 | D:4      | Reached XP level 6. HP: 38/52 MP: 8/10
  3464 | D:4      | Noticed an ogre
  3533 | D:4      | Killed an ogre
  3815 | D:4      | Found Plog's Food Shop.
  4136 | D:3      | Paralysed by Grinder for 7 turns
  4152 | D:3      | Paralysed by Grinder for 7 turns
  4348 | D:3      | Killed Grinder
  4348 | D:3      | Reached XP level 7. HP: 40/60 MP: 7/12
  4601 | D:3      | Found a shattered altar of Ashenzari.
  4625 | D:3      | Killed frankwang's ghost
  5037 | D:5      | Entered Level 5 of the Dungeon
  5037 | D:5      | Found Bekoob's General Store.
  5135 | D:5      | Got a scorched copper ring
  5146 | D:5      | Identified the ring "Zooxku" {rElec MR+ Dex+6 SInv} (You found it on level 5 of the Dungeon)
  5246 | D:5      | Reached skill level 5 in Shields
  5346 | D:5      | Reached skill level 5 in Fighting
  5465 | D:5      | Found Asoimez's Armour Boutique.
  5692 | D:4      | Reached skill level 5 in Armour
  5798 | D:4      | Reached XP level 8. HP: 50/68 MP: 13/13
  6166 | D:5      | Reached skill level 5 in Long Blades
  6554 | D:5      | Found an ancient bone altar of Kikubaaqudgha.
  6744 | D:5      | Reached skill level 6 in Fighting
  6882 | D:6      | Noticed meatme's ghost (experienced DsBe)
  7247 | D:6      | Found a staircase to the Ecumenical Temple.
  7452 | D:6      | Reached XP level 9. HP: 69/78 MP: 15/15
  7501 | D:6      | Reached skill level 7 in Fighting
  8309 | D:7      | Identified the Catalogue of Orientation
  8439 | D:6      | Killed meatme's ghost
  8554 | D:6      | Reached skill level 8 in Fighting
  8586 | D:7      | Found a deep blue altar of Sif Muna.
  8688 | D:7      | Found Poestrud's Food Shop.
  9112 | D:7      | Found a shimmering altar of Xom.
  9159 | D:7      | Noticed Crazy Yiuf
  9166 | D:7      | Killed Crazy Yiuf
  9173 | D:7      | Got a warped hammer
  9233 | D:7      | Identified the +9 hammer of Smop {freeze, MR- Str+4 Int+7} (You found it on level 7 of the Dungeon)
  9378 | D:8      | Found a sacrificial altar of Ru.
  9493 | D:8      | Reached XP level 10. HP: 80/87 MP: 17/17
  9547 | D:8      | Noticed a komodo dragon
  9556 | D:8      | Found a staircase to the Lair.
  9568 | D:8      | Killed a komodo dragon
  9623 | D:8      | Reached skill level 1 in Maces & Flails
  9763 | D:8      | Noticed Erolcha
  9767 | D:8      | Found a bloodstained altar of Trog.
  9767 | D:8      | Cast into the Abyss (Erolcha)
  9791 | Abyss:1  | Noticed a ghoul
  9791 | Abyss:1  | Noticed a ghoul
  9799 | Abyss:1  | HP: 1/86 [ghoul (4)]
  9800 | Abyss:1  | Mangled by a ghoul

Action                   |  1- 3 |  4- 6 |  7- 9 | 10-12 || total
-------------------------+-------+-------+-------+-------++-------
Melee: Long sword        |   212 |   219 |   799 |       ||  1230
       Club              |       |     1 |       |       ||     1
       Hammer            |       |       |    46 |    43 ||    89
Throw: Tomahawk          |       |       |     3 |       ||     3
  Use: Potion            |     2 |     5 |       |     2 ||     9
       Scroll            |     2 |     9 |     5 |       ||    16
  Eat: Chunk             |     3 |     8 |    15 |     2 ||    28
       Pizza             |       |     1 |     1 |       ||     2
       Fruit             |       |       |     1 |       ||     1
